 Dungeon Crawl Stone Soup version 0.14-a0-1313-gb2df4ef (webtiles) character file.

3256 M4edhros the Magician (level 9, -11/51 HPs)
             Began as an Octopode Venom Mage on Dec 5, 2013.
             Was a Priest of Fedhas.
             Mangled by Erolcha
             ... wielding a +6,+5 giant club
              (33 damage)
             ... on Level 8 of the Dungeon.
             The game lasted 00:24:47 (8589 turns).

M4edhros the Magician (Octopode Venom Mage)         Turns: 8589, Time: 00:24:51

HP -11/51        AC  8     Str 12      XL: 9   Next: 77%
MP   9/17        EV 14     Int 21      God: Fedhas [***...]
Gold 368         SH  2     Dex 12      Spells:  3 memorised, 14 levels left

rFire  . . .     SeeInvis .     y - +0 great mace (protect)
rCold  . . .     Clarity  +     (no shield)
rNeg   . . .     Conserve .     (helmet restricted)
rPois  .         rCorr    .     E - amulet of clarity
rElec  .         rRot     .     s - +3 ring of strength
SustAb . .       Spirit   .     G - ring of wizardry
rMut   .         Warding  .     c - ring of wizardry
Saprov . . .     Stasis   .     (no ring)
                                (no ring)
                                (no ring)
                                (no ring)
                                (no ring)

@: slightly resistant to hostile enchantments, quite stealthy
A: almost no armour, amphibious, 8 rings, constrict 8, large bone plates 1,
camouflage 1, low mp 2, strong 1, wild magic 2, gelatinous body 1, evolution 1
a: Evolution, Sunlight, Growth, Renounce Religion


You were on level 8 of the Dungeon.
You worshipped Fedhas.
Fedhas was most pleased with you.
You were not hungry.

You visited 1 branch of the dungeon, and saw 8 of its levels.

You collected 368 gold pieces.

Inventory:

Hand weapons
 f - a +0,+0 short sword
 h - a +1,+1 trident
 y - a +0,+0 great mace of protection (weapon)
 J - a +1,+2 flail of crushing
Armour
 j - a +0 orcish large shield
Magical devices
 g - a wand of teleportation (5) {unknown}
 r - a wand of polymorph (7) {unknown}
Comestibles
 d - 4 bread rations
 k - an apricot
 l - an orange
 m - 2 apples
 n - 26 strawberries
 z - a pear
 H - 6 beef jerkies
Scrolls
 e - 3 scrolls of fog
 o - 4 scrolls of teleportation
 u - 2 scrolls of remove curse
 w - 2 scrolls of amnesia
 D - a scroll of immolation
 F - a scroll of recharging {unknown}
Jewellery
 c - a ring of wizardry (on tentacle)
 i - an uncursed ring of ice
 s - a +3 ring of strength (left tentacle)
 t - an uncursed amulet of guardian spirit
 x - an uncursed ring of teleportation
 E - an amulet of clarity (around mantle)
 G - a ring of wizardry (right tentacle)
 L - a cursed ring of protection from magic {unknown}
Potions
 a - a potion of speed
 q - 3 potions of curing
 v - a potion of heal wounds
 C - a potion of might
 I - a potion of invisibility
 K - a potion of berserk rage
Books
 b - a Young Poisoner's Handbook

   Spells                             Type                      Level
   *Sting                             Conjuration/Poison           1
   *Cure Poison                       Poison                       2
   *Mephitic Cloud                    Conjuration/Poison/Air       3
   Olgreb's Toxic Radiance            Poison                       4
   Venom Bolt                         Conjuration/Poison           5
 B - a book of Annihilations {highlevel}

   This book is beyond your current level of understanding.

   Spells                             Type                      Level
   Poison Arrow                       Conjuration/Poison           6
   Chain Lightning                    Conjuration/Air              8
   Lehudib's Crystal Spear            Conjuration/Earth            8
   Ice Storm                          Conjuration/Ice              9
   Fire Storm                         Conjuration/Fire             9


   Skills:
 * Level 4.9 Maces & Flails
 * Level 5.0 Dodging
 - Level 2.6 Stealth
   Level 2.1 Shields
 + Level 6.0 Spellcasting
 - Level 5.0 Conjurations
 - Level 4.1 Air Magic
 - Level 5.0 Poison Magic
 * Level 6.0 Invocations


You had 14 spell levels left.
You knew the following spells:

 Your Spells              Type           Power        Failure   Level  Hunger
a - Sting                 Conj/Pois      ####         2%          1    None
b - Cure Poison           Pois           ######....   3%          2    None
c - Mephitic Cloud        Conj/Pois/Air  ######..     5%          3    ##.....


Dungeon Overview and Level Annotations

Branches:
Dungeon (8/16)             Temple (0/1) D:4
   Lair: D:8-11

Altars:
Ashenzari
Cheibriados
Fedhas
Okawaru
Xom

Annotations:
D:8 Erolcha


Innate Abilities, Weirdness & Mutations

You cannot wear most types of armour.
You are amphibious.
You can wear up to eight rings at the same time.
You can use your tentacles to constrict many enemies at once.
Your skin changes colour to match your surroundings (Stlth).
Your rubbery body absorbs attacks (AC +1).
You are partially covered in large bone plates (AC +2, SH +2).
Your magical capacity is very low (-20% MP).
Your muscles are strong. (Str +2)
Your spells are harder to cast, but more powerful.
You evolve.


Message History

Confirm with . or Enter, or press ? or * to list all spells.
Aiming: Sting
Press: ? - help, Shift-Dir - straight line, f/p - Erolcha
Aim: Erolcha, wielding a giant club and wearing a robe (noxious fumes, moderately wounded, poisoned, bewildered and confused)
The sting hits Erolcha.
Erolcha is moderately wounded.
Erolcha is engulfed in noxious fumes.
Erolcha appears confused.
You catch the helpless Erolcha completely off-guard!
You sock Erolcha!
Erolcha is severely wounded.
Erolcha is engulfed in noxious fumes.
Erolcha appears confused.
Erolcha hits you with a giant club!
You hit Erolcha.
Erolcha is almost dead.
Erolcha is engulfed in noxious fumes.
Erolcha appears confused.
Erolcha is engulfed in noxious fumes.
Erolcha appears confused.
Erolcha hits you with a giant club!
Ouch! That really hurt!
You die...
Fedhas appreciates your contribution to the ecosystem.

####### ###### #.....# #....#
#.....#####
#########f...#######.........####
......ff'f...'.O@(.'.........'.[.
#########...(#######.........#...
#..........# #.........#.##
#....(.....# #.....f......#
#.........O# #.....###.#..#
#......§§..# #.....# #.####
#......§§..# #########'#...
#.....c.D..# #...... #..........#
#......


You could see Erolcha (confused) and 2 friendly wandering mushrooms.

Vanquished Creatures
  2 wyverns (D:8)
  Edmund (D:8)
  Purgy (D:3)
  An ice beast (D:8)
  An orc warrior (D:7)
  2 phantoms
  2 sky beasts
  A centaur (D:8)
  3 ogres
  Sigmund (D:2)
  4 giant frogs
  A killer bee (D:7)
  4 crimson imps
  A wight (D:6)
  3 hounds
  A jelly (D:5)
  2 orc priests
  2 big fish (D:2)
  5 orc wizards
  A centaur skeleton (D:8)
  2 scorpions
  4 worker ants
  4 gnolls
  7 adders
  2 giant mites
  2 worms
  4 giant geckos
  An ooze (D:3)
  20 orcs
  5 giant cockroaches
  12 goblins
  14 hobgoblins
  4 jackals
  11 kobolds
  6 quokkas
  A ball python (D:3)
  8 bats
  2 giant newts (D:4)
  2 kobold skeletons
  An orc skeleton (D:8)
  8 rats
  A rat skeleton (D:3)
160 creatures vanquished.

Vanquished Creatures (collateral kills)
  A hungry ghost (D:6)
  2 killer bees (D:7)
  4 wights (D:6)
  A goliath beetle (D:6)
  A quasit (D:7)
  3 orc priests
  A jelly (D:6)
  An iguana (D:4)
  4 orc wizards
  2 gnolls (D:4)
  8 orcs
  A bat zombie (D:6)
29 creatures vanquished.

Vanquished Creatures (others)
  A necrophage (D:8)
  An ogre (D:7)
  A giant spore (D:7)
  2 wandering mushrooms
  91 toadstools
96 creatures vanquished.

Grand Total: 285 creatures vanquished

Notes
Turn   | Place    | Note
--------------------------------------------------------------
     0 | D:1      | M4edhros, the Octopode Venom Mage, began the quest for the Orb.
     0 | D:1      | Reached XP level 1. HP: 11/11 MP: 3/3
   492 | D:1      | Reached skill level 5 in Poison Magic
   546 | D:2      | Reached XP level 2. HP: 13/17 MP: 4/4
   551 | D:2      | Reached skill level 1 in Conjurations
   815 | D:2      | Found a blossoming altar of Fedhas.
   816 | D:2      | Noticed a big fish
   824 | D:2      | Killed a big fish
   824 | D:2      | Reached XP level 3. HP: 7/21 MP: 6/6
   829 | D:2      | Noticed a big fish
  1211 | D:2      | Killed a big fish
  1211 | D:2      | Reached XP level 4. HP: 12/27 MP: 1/8
  1264 | D:2      | Noticed an oklob plant
  1275 | D:2      | Became a worshipper of Fedhas Madash
  2060 | D:2      | Found a blossoming altar of Fedhas.
  2068 | D:2      | Found a shimmering altar of Xom.
  2073 | D:2      | Found a shattered altar of Ashenzari.
  2237 | D:2      | Learned a level 2 spell: Cure Poison
  2241 | D:2      | Learned a level 3 spell: Mephitic Cloud
  2313 | D:2      | Noticed Sigmund
  2452 | D:2      | Killed Sigmund
  2452 | D:2      | Reached XP level 5. HP: 13/31 MP: 0/11
  2453 | D:2      | Ladykiller69: WHAT IS LOVE
  3142 | D:3      | Noticed Purgy
  3153 | D:3      | Ladykiller69: is fedhas love?
  3364 | D:3      | Ladykiller69: and if so
  3365 | D:3      | Ladykiller69: what is fedhas?
  3365 | D:3      | M4edhros: love?
  3365 | D:3      | M4edhros: what do u mean
  3365 | D:3      | M4edhros: im not sure if i know answer to ur question
  3388 | D:3      | Killed Purgy
  3388 | D:3      | Reached XP level 6. HP: 27/36 MP: 11/15
  3425 | D:4      | Ladykiller69: tbh it's "Baby dont hurt me, dont hurt me, no more"
  3924 | D:4      | Ladykiller69: lol
  3955 | D:4      | Ladykiller69: I gave your octopode a hat
  3960 | D:4      | Ladykiller69: with my cursor
  4024 | D:4      | Found a staircase to the Ecumenical Temple.
  4145 | D:4      | Acquired Fedhas' first power
  4223 | D:4      | Reached XP level 7. HP: 25/41 MP: 17/17
  4330 | D:4      | Gained mutation: Your muscles are strong. (Str +2) [potion of mutation]
  4330 | D:4      | Gained mutation: You evolve. [potion of mutation]
  4330 | D:4      | Gained mutation: Your magical capacity is low (-10% MP). [potion of mutation]
  4342 | D:4      | Gained mutation: Your spells are a little harder to cast, but a little more powerful. [potion of mutation]
  4342 | D:4      | Gained mutation: Your magical capacity is very low (-20% MP). [potion of mutation]
  4379 | D:4      | Reached skill level 1 in Air Magic
  4381 | D:4      | Ladykiller69: it looks funny
  4852 | D:5      | Entered Level 5 of the Dungeon
  4885 | D:5      | Reached skill level 5 in Spellcasting
  4885 | D:5      | Reached skill level 1 in Invocations
  5251 | D:5      | Reached skill level 1 in Maces & Flails
  5251 | D:5      | Reached skill level 5 in Conjurations
  5251 | D:5      | Reached XP level 8. HP: 44/46 MP: 16/16
  5609 | D:5      | Gained mutation: You are partially covered in large bone plates (AC +2, SH +2). [evolution]
  5997 | D:6      | Acquired Fedhas' second power
  6406 | D:6      | Found an iron altar of Okawaru.
  7270 | D:7      | Reached XP level 9. HP: 44/51 MP: 16/16
  7301 | D:7      | Found a snail-covered altar of Cheibriados.
  7436 | D:7      | Gained mutation: Your spells are harder to cast, but more powerful. [evolution]
  7632 | D:7      | Reached skill level 5 in Invocations
  7633 | D:7      | Acquired Fedhas' third power
  8055 | D:8      | Noticed Erolcha
  8219 | D:8      | Noticed Edmund
  8280 | D:8      | Killed Edmund
  8525 | D:8      | Reached skill level 6 in Spellcasting
  8579 | D:8      | Reached skill level 5 in Dodging
  8589 | D:8      | Mangled by Erolcha

Action                   |  1- 3 |  4- 6 |  7- 9 || total
-------------------------+-------+-------+-------++-------
Melee: Unarmed           |     7 |       |       ||     7
       Dagger            |     5 |       |       ||     5
       Short sword       |    14 |    62 |     1 ||    77
       Trident           |       |   109 |    35 ||   144
       Great mace        |       |       |   185 ||   185
 Cast: Sting             |    10 |    23 |    35 ||    68
       Mephitic Cloud    |       |     3 |    12 ||    15
Invok: Evolution         |       |     1 |     3 ||     4
       Sunlight          |       |       |     5 ||     5
  Use: Scroll            |       |     8 |    15 ||    23
       Potion            |       |     8 |     6 ||    14
 Stab: Sleeping          |     2 |    10 |     5 ||    17
       Confused          |       |     4 |     4 ||     8
       Distracted        |       |       |     1 ||     1
